 Dungeon Crawl Stone Soup version 0.30-a0-989-g0d87f670db (webtiles) character file.

Game seed: 8965442416691601795

588202 Crownlay the Metallomancer (level 26, 0/128 (174) HPs)
             Began as a Gargoyle Earth Elementalist on Mar 25, 2023.
             Was the Champion of Vehumet.
             Slain by an Ice Fiend (4 damage)
             ... in the Vestibule of Hell on Apr 2, 2023.
             The game lasted 04:00:30 (65301 turns).

Crownlay the Metallomancer (GrEE)                  Turns: 65301, Time: 04:00:31

HP:   0/128 (174)   AC: 33    Str: -6 (15) XL:     26   Next: 91%
MP:   27/42         EV:  8    Int: 35 (38) God:    Vehumet [******]
Gold: 5388          SH: 12    Dex:  8 (9)  Spells: 12/64 levels left

rFire   . . .      SeeInvis +    f - +9 trident "Wyalastil" {holy, rF+ Int+4 Dex+3}
rCold   + + +      Faith    .    x - +2 kite shield {AC+3}
rNeg    + + +      Spirit   .    k - +1 leather armour of Crawling {rC+++ Regen+ Str+2 Slay-4}
rPois   ∞          Reflect  .    d - +1 hat "Avatam" {Str+3}
rElec   +          Rampage  .    F - +2 cloak of Poor Excuses {rElec rF- Will+ Regen+ Stlth+}
rCorr   .                        X - +2 pair of gloves {infuse}
Will    ++++.                    I - +0 pair of boots "Nozim" {Regen+}
Stlth   +++                      W - amulet of magic regeneration
HPRegen 0.00/turn                O - ring of Attitude {rF+ rN+++ Int+6 Dex-4 SInv}
MPRegen 0.68/turn                G - ring of Understanding {Wiz rElec rN+ Will++ Stlth+}

@: flying, inhibited regen, slowed, lost strength, studying 3 skills, very
heavily drained, very slow
A: sickness immunity, AC +20, big wings, negative energy resistance 1,
electricity resistance, torment resistance 1, petrification resistance, deformed
body, low MP 1, weak 1, heat vulnerability 1
}: 4/15 runes: serpentine, barnacled, slimy, silver
a: Renounce Religion


You were in the Vestibule of Hell.
You worshipped Vehumet.
Vehumet was exalted by your worship.
You visited 12 branches of the dungeon, and saw 56 of its levels.
You also visited: Bailey and Gauntlet.

You collected 6256 gold pieces.
You spent 868 gold pieces at shops.

Inventory:

Hand Weapons
 f - the +9 trident "Wyalastil" (weapon) {holy, rF+ Int+4 Dex+3}
   (You found it on level 5 of the Lair of Beasts)

   Int:       It affects your intelligence (+4).
   Dex:       It affects your dexterity (+3).
   rF:        It protects you from fire.
Armour
 a - a +2 robe of fire resistance
 d - the +1 hat "Avatam" (worn) {Str+3}
   (You found it in a Gauntlet)

   Str:       It affects your strength (+3).
 k - the +1 leather armour of Crawling (worn) {rC+++ Regen+ Str+2 Slay-4}
   (You found it on level 5 of the Pits of Slime)

   Str:       It affects your strength (+2).
   Slay:      It affects your accuracy & damage with ranged weapons and melee
   (-4).
   rC:        It renders you almost immune to cold.
   Regen:     It increases your rate of health regeneration.
 x - a +2 kite shield of protection (worn)
 F - the +2 cloak of Poor Excuses (worn) {rElec rF- Will+ Regen+ Stlth+}
   (You bought it in a shop on level 2 of the Orcish Mines)

   rF:        It makes you vulnerable to fire.
   rElec:     It insulates you from electricity.
   Regen:     It increases your rate of health regeneration.
   Will:      It increases your willpower.
   Stlth:     It makes you more stealthy.
 I - the +0 pair of boots "Nozim" (worn) {Regen+}
   (You acquired it on level 1 of the Elven Halls)

   Regen:     It increases your rate of health regeneration.
 R - a +2 robe of the Archmagi
 X - a +2 pair of gloves of infusion (worn)
Jewellery
 C - an amulet of reflection
 G - the ring of Understanding (right hand) {Wiz rElec rN+ Will++ Stlth+}
   (You found it in a Gauntlet)

   [ring of wizardry]

   It improves your spell success rate.
   rElec:     It insulates you from electricity.
   rN:        It protects you from negative energy.
   Will:      It greatly increases your willpower.
   Stlth:     It makes you more stealthy.
 H - a ring of protection from fire
 O - the ring of Attitude (left hand) {rF+ rN+++ Int+6 Dex-4 SInv}
   (You acquired it in a bailey)

   [ring of intelligence]

   Int:       It affects your intelligence (+6).
   Dex:       It affects your dexterity (-4).
   rF:        It protects you from fire.
   rN:        It renders you almost immune to negative energy.
   SInv:      It lets you see invisible.
 W - an amulet of magic regeneration (around neck)
Wands
 j - a wand of polymorph (8)
 o - a wand of iceblast (17)
 p - a wand of flame (17)
 A - a wand of digging (7)
 E - a wand of mindburst (46)
 M - a wand of quicksilver (23)
 T - a wand of charming (19)
Scrolls
 g - 6 scrolls of immolation
 h - 21 scrolls of teleportation
 i - 6 scrolls of fear
 n - 8 scrolls of magic mapping
 q - 11 scrolls of fog
 u - 10 scrolls of poison
 w - 3 scrolls of silence
 B - 12 scrolls of enchant armour
 J - 2 scrolls of enchant weapon
 L - 9 scrolls of amnesia
 S - 4 scrolls of summoning
 Z - 3 scrolls of torment
Potions
 b - 5 potions of magic
 c - 5 potions of brilliance
 e - 18 potions of curing
 l - 7 potions of heal wounds
 r - a potion of berserk rage
 s - 4 potions of might
 z - 6 potions of ambrosia
 D - 15 potions of mutation
 N - 5 potions of resistance
 P - 6 potions of invisibility
 Q - 10 potions of haste
 U - 4 potions of cancellation
Miscellaneous
 v - a phantom mirror (inert)
 V - the horn of Geryon (inert)


   Skills:
 - Level 20.0 Fighting
 - Level 1.5 Dodging
 - Level 2.1 Stealth
 - Level 10.0 Shields
 * Level 19.8 Spellcasting
 - Level 11.3 Conjurations
 - Level 4.8 Hexes
 - Level 10.0 Summonings
 * Level 14.0 Necromancy
 * Level 12.7 Transmutations
 + Level 18.4 Fire Magic
 - Level 24.0 Earth Magic
 - Level 6.0 Evocations


You had 12 spell levels left.
You knew the following spells:

 Your Spells              Type           Power      Damage    Failure   Level
a - Sandblast             Erth           100%       2d20      0%          1
d - Iron Shot             Conj/Erth      51%        9d10      1%          6
e - Lehudib's Crystal Sp  Conj/Erth      51%        10d12     4%          8
f - Spellforged Servitor  Conj/Summ      41%        N/A       10%         7
g - Lee's Rapid Deconstr  Erth           58%        3d27*     0%          5
h - Shatter               Erth           58%        3d43*     5%          9
i - Ignition              Fire           52%        3d14      3%          8
j - Necromutation         Tmut/Necr      45%        N/A       61%         8

Your spell library contained the following spells:

 Spells                   Type           Power      Damage    Failure   Level
 Polar Vortex             Ice            17%        N/A       100%        9
 Foxfire                  Conj/Fire      100%       2x1d6     0%          1
 Passwall                 Tmut/Erth      86%        N/A       0%          2
 Stone Arrow              Conj/Erth      100%       3d13      0%          3
 Magic Dart               Conj           100%       1d8       1%          1
 Necrotise                Necr           100%       1d9       1%          1
 Shock                    Conj/Air       100%       1d9       1%          1
 Slow                     Hex            100%       N/A       1%          1
 Summon Small Mammal      Summ           100%       N/A       1%          1
 Call Imp                 Summ           81%        N/A       1%          2
 Momentum Strike          Conj/Tloc      100%       3d10      1%          2
 Poisonous Vapours        Pois/Air       68%        N/A       1%          2
 Confusing Touch          Hex            62%        N/A       1%          3
 Ignite Poison            Fire/Tmut/Pois 82%        N/A       1%          3
 Kindle Blastsparks       Fire/Tloc/Air  100%       2d18      1%          3
 Mephitic Cloud           Conj/Pois/Air  57%        N/A       1%          3
 Summon Guardian Golem    Hex/Summ       72%        N/A       1%          3
 Tukima's Dance           Hex            62%        N/A       1%          3
 Vampiric Draining        Necr           93%        2d12      1%          3
 Anguish                  Hex/Necr       39%        N/A       1%          4
 Animate Armour           Summ/Erth      100%       N/A       1%          4
 Animate Dead             Necr           93%        N/A       1%          4
 Petrify                  Tmut/Erth      100%       N/A       1%          4
 Blade Hands              Tmut           44%        N/A       1%          5
 Fireball                 Conj/Fire      47%        3d19      1%          5
 Irradiate                Conj/Tmut      43%        3d26      1%          5
 Iskenderun's Battlesphe  Conj           85%        2d13      1%          5
 Starburst                Conj/Fire      47%        6d13      1%          6
 Ice Form                 Ice/Tmut       68%        N/A       2%          4
 Arcjolt                  Conj/Air       32%        1d42      2%          5
 Apportation              Tloc           68%        N/A       3%          1
 Frozen Ramparts          Ice            68%        1d11      3%          3
 Portal Projectile        Hex/Tloc       100%       N/A       3%          3
 Blink                    Tloc           68%        N/A       4%          2
 Lesser Beckoning         Tloc           68%        N/A       4%          2
 Cause Fear               Hex            31%        N/A       4%          4
 Summon Ice Beast         Ice/Summ       62%        N/A       4%          4
 Summon Lightning Spire   Summ/Air       62%        N/A       4%          4
 Summon Mana Viper        Hex/Summ       72%        N/A       4%          5
 Freezing Cloud           Conj/Ice/Air   28%        6-21      5%          5
 Orb of Destruction       Conj           42%        9d12      8%          7
 Summon Cactus Giant      Summ           40%        N/A       9%          6
 Swiftness                Air            34%        N/A       10%         3
 Vhi's Electric Charge    Tloc/Air       68%        N/A       10%         3
 Airstrike                Air            17%        2d(3-19)  10%         4
 Olgreb's Toxic Radiance  Pois           34%        N/A       10%         4
 Summon Forest            Summ/Tloc      31%        N/A       12%         5
 Dragon Form              Tmut           44%        N/A       16%         7
 Haunt                    Necr/Summ      43%        N/A       21%         7
 Metabolic Englaciation   Hex/Ice        25%        N/A       32%         5
 Summon Hydra             Summ           40%        N/A       41%         7
 Borgnjor's Revivificati  Necr           46%        N/A       52%         8
 Infestation              Necr           46%        N/A       52%         8
 Fire Storm               Conj/Fire      47%        8d12      80%         9
 Storm Form               Tmut/Air       34%        N/A       87%         7
 Malign Gateway           Summ/Tloc      31%        N/A       96%         7
 Summon Horrible Things   Summ           40%        N/A       96%         8
 Enfeeble                 Hex            31%        N/A       97%         7
 Ozocubu's Refrigeration  Ice            17%        4d11      99%         7
 Maxwell's Capacitive Co  Air            17%        ∞         100%        8
 Chain Lightning          Conj/Air       32%        3d43      100%        9
 Death's Door             Necr           46%        N/A       100%        9
 Statue Form              Tmut/Erth      Unusable   N/A       N/A         6

Dungeon Overview and Level Annotations

Branches:
Dungeon (15/15)            Temple (1/1) D:6            Lair (5/5) D:9
 Shoals (4/4) Lair:2        Snake (4/4) Lair:3        Slime (5/5) Lair:5
    Orc (2/2) D:9             Elf (3/3) Orc:2        Vaults (5/5) D:13
  Crypt (0/3) Vaults:2     Depths (4/4) D:15           Hell (1/1)
    Dis (0/7) Hell            Geh (0/7) Hell            Coc (7/7) Hell
    Tar (0/7) Hell            Zot (0/5) Depths:4     Bailey (visited)
Gauntlet (visited)

Altars:
Cheibriados
Elyvilon
Fedhas
Hepliaklqana
Kikubaaqudgha
Nemelex Xobeh
Qazlal
Ru
Sif Muna
Trog
Uskayaw
Vehumet
Xom
Zin
Jiyva

Shops:
D:7 *   Orc:2 (=*[=   Elf:1 =:=   Elf:2 (   Shoals:1 [   Depths:2 [

Portals:
Hell: Depths:1 Depths:2 Depths:3 Depths:4
Abyss: Depths:3
Pandemonium: Depths:2 Depths:4
Ziggurat: Depths:4

Annotations:
Vaults:1 6 runed translucent doors


Innate Abilities, Weirdness & Mutations

You are immune to sickness and miasma.
Your stone body is resilient. (AC +20)
You are immune to poison.
Your large and strong wings let you fly.
You resist negative energy. (rN+)
You are resistant to electric shocks. (rElec)
You are resistant to unholy torment.
You are immune to petrification.
Armour fits poorly on your strangely shaped body.
Your magical capacity is low. (-10% MP)
You are weak. (Str -2)
You are vulnerable to heat. (rF-)


Message History

The Ice Fiend claws you. The Ice Fiend freezes you. You resist.
The Ice Fiend claws you!
* * * LOW HITPOINT WARNING * * *
The Ice Fiend freezes you! You resist.
* * * LOW HITPOINT WARNING * * *
The Ice Fiend claws you but does no damage.
The Ice Fiend gestures at you. The bolt of cold hits you. You resist.
* * * LOW HITPOINT WARNING * * *
The bolt of cold hits the Ice Fiend.
The Ice Fiend completely resists.
You feel the corruption within you wane completely.
You feel agile.
The Ice Fiend is engulfed in a cloud of scalding steam.
The Ice Fiend claws you!
* * * LOW HITPOINT WARNING * * *
The Ice Fiend freezes you! You resist.
* * * LOW HITPOINT WARNING * * *
The Ice Fiend claws you but does no damage. x3
You fly up through the gate.
Welcome back to the Vestibule of Hell!
Your summoned ally is left behind.
There is a gateway to the freezing wastes of Cocytus here.
You can't see any enemies this would affect, really read the scroll of fear? [Y]es or [N]o only, please.
You can't see any enemies this would affect, really read the scroll of fear?
Okay, then.
Okay, then.
You feel much better. You block the Ice Fiend's attack.
The Ice Fiend claws you.
* * * LOW HITPOINT WARNING * * *
The Ice Fiend freezes you! You resist.
* * * LOW HITPOINT WARNING * * *
The Ice Fiend gestures at you. The bolt of cold hits you. You resist.
* * * LOW HITPOINT WARNING * * *
The Ice Fiend claws you.
* * * LOW HITPOINT WARNING * * *
The Ice Fiend freezes you. You resist.
* * * LOW HITPOINT WARNING * * *
The Ice Fiend claws you.
You die...

##....~≈~~≈#
##.~~...~≈≈≈#
##..≈~~...~≈≈#
##..≈≈≈~...~~≈#
##..~≈≈~.....~~#
###...~≈~...~..~≈#
##....~≈≈..~~~..≈##
......~≈~~.~~~..1.#
......≈≈≈~..≈~..@##
.......~≈~~.~~..~1#
##.....~≈~~..≈.≈≈##
###.....~~.....~≈.#
#.....~..~~..~≈##
###....^~~≈~~~≈#
#....≈~≈≈≈≈≈≈#
#.....~≈≈≈≈≈≈##
#.....~≈≈≈≈≈≈.#


You could see 2 Ice Fiends.

Vanquished Creatures
  the Royal Jelly (Slime:5)
  Dissolution (Slime:3)
  the Serpent of Hell (Hell)
  A dread lich (Coc:7)
  An ancient lich (Vaults:5)
  9 shard shrikes
  Xtahua (Vaults:5)
  Geryon (Hell)
  Saint Roka (Vaults:5)
  2 golden dragons
  Jory (Vaults:4)
  The ghost of Ciq Qara the Pyromancer, a veteran GrEE of Sif Muna (Vaults:1)
  4 tentacled monstrosities (Vaults:5)
  A lich (Vaults:5)
  4 Ice Fiends
  Mlioglotl (Shoals:3)
  4 titans (Vaults:5)
  2 deep elf blademasters (Elf:3)
  A deep elf master archer (Elf:3)
  3 quicksilver dragons
  15 acid blobs
  2 ancient champions (Hell)
  A walking frostbound tome (Depths:3)
  3 shadow dragons
  4 tengu reavers (Vaults:5)
  An azure jelly (shapeshifter) (Vaults:4)
  10 azure jellies
  2 fire giants (Depths:2)
  8 rockslimes
  5 deep elf sorcerers (Elf:3)
  Ilsuiw (Shoals:4)
  3 storm dragons
  8 narguns
  A nagaraja (Snake:2)
  The ghost of Qogig the Brawler, a journeyman TrCA of Jiyva (D:15)
  11 vault wardens
  5 iron dragons
  7 shard shrike simulacra
  2 draconian stormcallers (Depths:4)
  5 frost giants
  An orc warlord (Vaults:3)
  6 reapers
  13 ironbound preservers
  A deep elf elementalist (Elf:3)
  4 curse skulls (Coc:4)
  13 stone giants
  5 ironbound thunderhulks
  6 quicksilver oozes
  14 very ugly things
  2 war gargoyles (Vaults:5)
  A broodmother (shapeshifter) (Vaults:5)
  20 elemental wellsprings
  5 deep elf demonologists
  5 deep elf annihilators
  4 vampire knights
  3 dire elephants
  A yellow draconian (Depths:4)
  A white draconian (Depths:4)
  A minotaur (Gauntlet)
  7 wendigos
  2 iron golems (Hell)
  11 ettins
  A blizzard demon (Hell)
  3 deep elf death magi
  5 fire dragons
  9 yaktaur captains
  An entropy weaver (shapeshifter) (Elf:2)
  3 rakshasas
  2 jiangshi
  2 merfolk javelineers
  3 merfolk impalers (Shoals:4)
  3 deep elf high priests (Elf:3)
  3 salamander tyrants (Snake:4)
  7 great orbs of eyes
  2 hell beasts (Depths:1)
  3 ice dragons
  2 kraken zombies (Hell)
  8 caustic shrike simulacra
  5 juggernaut simulacra
  5 hydras
  30 vault guards
  2 ogre magi (Vaults:5)
  A merfolk avatar (Lair:5)
  2 alligator snapping turtles (Shoals:4)
  An anaconda (shapeshifter) (Vaults:5)
  Erica (Lair:1)
  2 spriggan air magi
  6 centaur warriors
  7 ironbound frosthearts
  23 dancing weapons
  2 two-headed ogres
  7 anacondas
  A satyr (Shoals:3)
  4 boulder beetles
  3 merfolk aquamancers
  5 death yaks (Lair:2)
  3 deep troll earth magi
  11 naga warriors
  2 deep troll shamans
  An orc high priest (Orc:1)
  A vampire mage (Depths:4)
  A tengu warrior (Depths:3)
  4 hell hogs
  2 shock serpents (Snake:3)
  7 spriggan berserkers
  12 hell knights
  11 naga sharpshooters
  9 soul eaters
  6 sun demons
  Nergalle (Lair:3)
  A storm dragon zombie (Vaults:3)
  14 deep elf knights
  A skyshark (shapeshifter) (Vaults:5)
  5 iron trolls
  3 skysharks
  2 salamander mystics
  2 skeletal warriors (Hell)
  A shadow wraith (Vaults:5)
  3 quicksilver dragon simulacra
  A goliath frog (shapeshifter) (Vaults:5)
  12 sea snakes
  The ghost of mopl the Sneak, a novice DrEn (D:8)
  4 naga ritualists (Snake:4)
  2 glowing orange brains
  A swamp dragon (shapeshifter) (Vaults:5)
  2 shadow dragon zombies
  46 deep trolls
  13 deep elf archers
  2 lindwurms
  6 wizards
  25 deep elf zephyrmancers
  8 orc knights
  11 phantasmal warriors
  7 harpies
  25 deep elf pyromancers
  8 necromancers
  An anaconda skeleton (Hell)
  15 ironbound convokers
  20 ugly things
  2 shining eyes
  An iron dragon zombie (Depths:2)
  2 orc sorcerers
  3 mana vipers
  2 oklob plants
  6 salamanders
  A tengu skeleton (Vaults:4)
  A mana viper (shapeshifter) (Vaults:5)
  13 manticores
  14 elephants
  6 cyclopes
  2 nameless horrors
  4 fauns
  2 merfolk sirens
  A fire giant skeleton (Depths:2)
  3 rust devils (Hell)
  An ice statue (Hell)
  20 black mambas
  12 cane toads
  3 titan simulacra
  11 naga magi
  A guardian serpent (Snake:3)
  5 vault sentinels
  7 smoke demons
  An eye of devastation (Slime:4)
  2 molten gargoyles (Hell)
  An orange demon (Depths:4)
  A torpor snail (Lair:5)
  An unseen horror (D:11)
  5 komodo dragons
  An unseen horror (shapeshifter) (Vaults:5)
  2 bunyip simulacra
  7 rime drakes
  A tormentor (Coc:3)
  17 yaktaurs
  3 anaconda simulacra
  4 freezing wraiths
  2 tengu conjurers (D:14)
  A polar bear (Lair:5)
  A red devil (Hell)
  A golden dragon simulacrum (Coc:4)
  2 trolls
  3 iron giant simulacra
  A hellwing (Depths:4)
  13 merfolk
  A hydra zombie (Hell)
  32 blink frogs
  3 wind drakes
  An alligator zombie (Hell)
  9 hornets
  3 stone giant simulacra
  A fire dragon zombie (Hell)
  A harpy skeleton (Hell)
  A raiju (Snake:2)
  2 hydra skeletons (Hell)
  3 iron dragon simulacra
  6 snapping turtles
  An ettin zombie (D:15)
  57 slime creatures
  2 vampires
  2 spriggans
  A wraith (D:11)
  4 dire elephant simulacra
  6 water elementals
  2 naga simulacra (Coc:4)
  3 wyverns
  An elf zombie (Vaults:2)
  35 yaks
  5 basilisks
  A chaos spawn (Depths:4)
  A fire elemental (Elf:1)
  6 steam dragons
  4 spriggan simulacra
  A redback (Vaults:4)
  25 nagas
  11 harpy simulacra
  2 wargs
  2 hell hounds (Hell)
  11 water moccasins
  3 acid dragons
  3 hydra simulacra
  A floating eye (Slime:4)
  A sky beast (shapeshifter) (D:14)
  3 black bears
  30 orc warriors
  6 ettin simulacra
  An ice beast (D:7)
  A sky beast (D:8)
  9 ogres
  6 centaurs
  21 wolves
  2 human skeletons
  4 kobold brigands
  11 bullfrogs
  A gnoll sergeant (D:9)
  4 earth elementals
  2 scorpions (D:4)
  8 killer bees (D:9)
  2 electric eels (Lair:1)
  3 howler monkeys (D:8)
  Crazy Yiuf (D:4)
  14 orc priests
  A hound (D:7)
  4 jellies
  A gnoll bouda (D:9)
  A sleepcap (D:7)
  Jessica (D:3)
  Terence (D:2)
  4 iguanas
  Natasha (thrice) (D:2)
  18 orc wizards
  10 gnolls
  5 adders
  An adder (shapeshifter) (Vaults:5)
  5 shadow imps (Gauntlet)
  4 white imps
  An ufetubus (D:4)
  99 orcs
  7 ball pythons
  8 endoplasms
  A giant cockroach (D:1)
  5 goblins
  9 hobgoblins
  4 jackals (D:5)
  28 kobolds
  A quokka (D:2)
  5 bats (D:1)
  9 frilled lizards
  2 rats (D:1)
  A butterfly (Lair:3)
  A plant (Depths:1)
1555 creatures vanquished.

Vanquished Creatures (collateral kills)
  3 shard shrikes
  A bone dragon (Depths:4)
  3 titans
  2 Ice Fiends
  8 acid blobs
  2 sphinxes
  A tengu reaver (Vaults:1)
  A revenant (Hell)
  5 rockslimes
  A nagaraja (Snake:4)
  5 narguns
  5 fire giants
  3 deep elf sorcerers (Elf:3)
  4 azure jellies
  6 vault wardens
  5 frost giants
  A caustic shrike zombie (D:15)
  3 draconian stormcallers (Depths:4)
  A cacodemon (Depths:4)
  A shard shrike simulacrum (Coc:3)
  5 stone giants
  6 ironbound preservers
  A reaper (Hell)
  6 very ugly things
  2 deep elf elementalists (Elf:3)
  A spriggan defender (Depths:2)
  6 quicksilver oozes
  A vampire knight (Depths:2)
  A white draconian (Depths:4)
  4 ironbound thunderhulks
  2 elemental wellsprings
  3 deep elf annihilators (Elf:3)
  3 deep elf demonologists (Elf:3)
  A purple draconian (Depths:4)
  8 dire elephants
  An ettin (Vaults:5)
  5 merfolk javelineers (Shoals:4)
  A wendigo (Coc:6)
  4 deep elf death magi
  2 deep elf high priests (Elf:3)
  6 merfolk impalers (Shoals:4)
  An iron golem (Hell)
  3 fire dragons
  6 great orbs of eyes
  2 entropy weavers
  A jiangshi (Depths:4)
  3 rakshasas
  2 yaktaur captains
  4 vault guards
  5 ice dragons
  A salamander tyrant (Snake:4)
  A caustic shrike simulacrum (Coc:1)
  3 merfolk avatars
  2 boulder beetles
  7 centaur warriors
  2 two-headed ogres (D:12)
  A hydra (D:13)
  3 anacondas
  An alligator snapping turtle (Shoals:4)
  4 ironbound frosthearts
  6 naga warriors
  A spectral stone giant (D:15)
  2 tengu warriors
  2 merfolk aquamancers (Shoals:4)
  7 dancing weapons (Elf:2)
  A death knight (D:13)
  A deep troll earth mage (Depths:4)
  A spriggan berserker (Depths:1)
  A vampire mage (Vaults:2)
  2 shock serpents
  8 hell knights
  3 soul eaters
  8 naga sharpshooters
  4 spriggans
  3 deep elf knights
  A sun demon (Depths:1)
  2 salamander mystics (Snake:4)
  3 skeletal warriors
  6 iron trolls
  A deep troll (shapeshifter) (Vaults:3)
  3 glowing orange brains
  21 deep trolls
  8 sea snakes
  2 flayed ghosts
  2 naga ritualists
  A deep elf archer (Snake:2)
  6 deep elf pyromancers
  3 wizards
  2 phantasmal warriors
  8 harpies
  A necromancer (Vaults:4)
  8 ironbound convokers
  6 orc knights
  9 mana vipers
  8 fauns
  3 lindwurms
  3 deep elf zephyrmancers
  An orc sorcerer (Orc:1)
  13 ugly things
  11 manticores
  10 salamanders
  2 shining eyes (Slime:2)
  3 cyclopes
  A rust devil (Hell)
  2 human skeletons (Vaults:2)
  8 naga magi
  13 black mambas
  2 eyes of devastation (Slime:5)
  A nameless horror (Snake:1)
  2 guardian serpents
  4 merfolk sirens
  6 vault sentinels
  A smoke demon (Depths:1)
  An eye of devastation (shapeshifter) (Vaults:3)
  A molten gargoyle (Hell)
  3 rime drakes (Shoals:1)
  10 yaktaurs
  A kobold demonologist (D:12)
  2 freezing wraiths
  A hellion (Coc:1)
  An anaconda simulacrum (Coc:6)
  A red devil (Depths:4)
  5 wind drakes
  4 hornets
  7 merfolk
  7 snapping turtles
  A jumping spider (Vaults:3)
  50 slime creatures
  An air elemental (Elf:2)
  A culicivora (Vaults:4)
  8 water elementals
  A black mamba skeleton (Hell)
  2 steam dragons (Shoals:1)
  A redback (Vaults:4)
  A glowing shapeshifter zombie (Vaults:2)
  2 harpy simulacra (Coc:7)
  31 nagas
  7 wargs
  An acid dragon (D:13)
  A glowing shapeshifter skeleton (Vaults:3)
  A hell hound (Hell)
  30 orc warriors
  A centaur (D:12)
  An ogre (Orc:1)
  2 kobold brigands (D:12)
  A human zombie (Vaults:4)
  2 jellies (D:8)
  An orc priest (Orc:2)
  An orc wizard (Vaults:5)
  21 orcs
  A kobold (D:12)
633 creatures vanquished.

Vanquished Creatures (others)
  A titan zombie (Depths:2)
  A titan simulacrum (Coc:6)
  A dire elephant simulacrum (Coc:6)
  3 dancing weapons
  A hydra simulacrum (Coc:6)
  3 gnolls (D:9)
  An orc (Orc:1)
  A kobold (D:9)
  3 demonic plants (Gauntlet)
  59 fungi
  182 plants
  2 starspawn tentacles (Shoals:3)
  12 tentacles
270 creatures vanquished.

Grand Total: 2458 creatures vanquished

Notes
Turn   | Place    | Note
-------+----------+-------------------------------------------
     0 | D:1      | Crownlay the Gargoyle Earth Elementalist began the quest
                  | for the Orb.
     0 | D:1      | Reached XP level 1. HP: 10/10 MP: 3/3
   245 | D:1      | Reached skill level 4 in Earth Magic
   260 | D:1      | Reached XP level 2. HP: 8/15 MP: 1/5
   668 | D:1      | Reached XP level 3. HP: 19/19 MP: 1/6
   787 | D:1      | Found a faded altar of an unknown god.
  1151 | D:2      | Learned a level 3 spell: Stone Arrow
  1356 | D:2      | Noticed Natasha
  1361 | D:2      | Killed Natasha
  1362 | D:2      | Reached skill level 5 in Earth Magic
  1362 | D:2      | Reached XP level 4. HP: 24/24 MP: 4/8
  1497 | D:2      | Identified the ring "Ojowim" {rElec AC+4 Str+2}
  1590 | D:2      | Noticed Natasha
  1594 | D:2      | Killed Natasha
  1779 | D:2      | Noticed Terence
  1782 | D:2      | Killed Terence
  1783 | D:2      | Reached XP level 5. HP: 28/28 MP: 5/9
  1856 | D:2      | Reached skill level 6 in Earth Magic
  1874 | D:2      | Noticed Natasha
  1878 | D:2      | Killed Natasha
  2072 | D:3      | Learned a level 3 spell: Tukima's Dance
  2250 | D:3      | Noticed Jessica
  2254 | D:3      | Killed Jessica
  2396 | D:3      | Found a shimmering blue altar of Sif Muna.
  2436 | D:3      | You fall into a shaft and drop 2 floors!
  2436 | D:5      | Entered Level 5 of the Dungeon
  2468 | D:4      | Identified the +10 whip of Uskayaw's Displeasure {venom,
                  | rPois rN++ Int+3}
  2596 | D:4      | Found a glowing silver altar of Zin.
  2642 | D:4      | Reached skill level 1 in Hexes
  2642 | D:4      | Reached XP level 6. HP: 32/32 MP: 7/11
  2739 | D:4      | Reached skill level 7 in Earth Magic
  2928 | D:4      | Found a runed translucent door.
  2929 | D:4      | Noticed Crazy Yiuf
  3149 | D:4      | Killed Crazy Yiuf
  3150 | D:4      | Reached XP level 7. HP: 36/36 MP: 8/12
  4085 | D:6      | Reached skill level 8 in Earth Magic
  4118 | D:6      | Found a staircase to the Ecumenical Temple.
  4124 | Temple   | Entered the Ecumenical Temple
  4133 | Temple   | Became a worshipper of Vehumet
  4204 | D:6      | Reached XP level 8. HP: 41/41 MP: 10/14
  4966 | D:7      | Found Rexur's Assorted Antiques.
  4970 | D:7      | Bought a glowing amethyst potion for 25 gold pieces
  4970 | D:7      | Bought a bubbling cyan potion for 25 gold pieces
  4970 | D:7      | Bought a metallic ruby potion for 25 gold pieces
  4970 | D:7      | Bought a scroll labelled TOAXIA BISHRYS for 28 gold pieces
  4970 | D:7      | Upgraded the game from 0.30-a0-939-gc8157cb160 to
                  | 0.30-a0-946-gec5dcfc036
  4975 | D:7      | Reached skill level 9 in Earth Magic
  5148 | D:7      | Noticed a wyvern
  5154 | D:7      | Killed a wyvern
  5155 | D:7      | Reached skill level 5 in Spellcasting
  5155 | D:7      | Reached skill level 1 in Conjurations
  5709 | D:7      | Reached * piety under Vehumet
  5709 | D:7      | Offered knowledge of Freeze by Vehumet.
  5710 | D:7      | Reached XP level 9. HP: 30/45 MP: 13/16
  5714 | D:7      | Reached skill level 10 in Earth Magic
  6181 | D:8      | Found a flagged portal.
  6195 | Bailey   | Entered a bailey
  6292 | Bailey   | Reached skill level 11 in Earth Magic
  6627 | Bailey   | Acquired the ring of Attitude {rF+ rN+++ Int+6 Dex-4 SInv}
  6760 | Bailey   | Noticed an orc knight
  6796 | Bailey   | Killed an orc knight
  6796 | Bailey   | Reached ** piety under Vehumet
  6797 | Bailey   | Reached skill level 5 in Conjurations
  6797 | Bailey   | Reached skill level 12 in Earth Magic
  6797 | Bailey   | Reached XP level 10. HP: 12/50 MP: 9/19
  6889 | D:8      | Offered knowledge of Searing Ray by Vehumet.
  6980 | D:8      | Found a runed translucent gate.
  6981 | D:8      | Found a runed translucent gate.
  6983 | D:8      | Found a runed translucent gate.
  7134 | D:8      | Found a viscous altar of Jiyva.
  7134 | D:8      | Noticed mopl's ghost (novice DrEn)
  7631 | D:9      | Found a staircase to the Orcish Mines.
  7653 | D:9      | Reached skill level 1 in Fighting
  7653 | D:9      | Noticed a two-headed ogre
  7659 | D:9      | Killed a two-headed ogre
  7660 | D:9      | Reached skill level 1 in Summonings
  7660 | D:9      | Reached skill level 1 in Fire Magic
  7811 | D:9      | Offered knowledge of Frozen Ramparts by Vehumet.
  7934 | D:9      | Found a staircase to the Lair.
  8054 | D:9      | Reached *** piety under Vehumet
  8629 | D:9      | Learned a level 6 spell: Iron Shot
  8655 | D:10     | Entered Level 10 of the Dungeon
  8679 | D:10     | Reached XP level 11. HP: 51/61 MP: 19/23
  8914 | D:10     | Offered knowledge of Sticky Flame by Vehumet.
  9062 | D:10     | Reached skill level 5 in Fighting
  9485 | Lair:1   | Entered Level 1 of the Lair of Beasts
  9889 | Lair:1   | Noticed Erica
  9896 | Lair:1   | Killed Erica
 10033 | Lair:1   | Reached **** piety under Vehumet
 10039 | Lair:1   | Reached skill level 13 in Earth Magic
 10107 | Lair:1   | Offered knowledge of Irradiate by Vehumet.
 10108 | Lair:1   | Reached XP level 12. HP: 51/72 MP: 21/25
 10883 | Lair:2   | Reached skill level 10 in Spellcasting
 10935 | Lair:2   | Noticed a death yak
 10936 | Lair:2   | Noticed a death yak
 10937 | Lair:2   | Noticed a death yak
 10943 | Lair:2   | Noticed a death yak
 10943 | Lair:2   | Noticed a death yak
 11170 | Lair:2   | Killed a death yak
 11269 | Lair:2   | Killed a death yak
 11295 | Lair:2   | Killed a death yak
 11421 | Lair:2   | Killed a death yak
 11445 | Lair:2   | Killed a death yak
 11446 | Lair:2   | Reached skill level 5 in Summonings
 11602 | Lair:2   | Found a staircase to the Shoals.
 12277 | Lair:3   | Reached ***** piety under Vehumet
 12321 | Lair:3   | Offered knowledge of Ozocubu's Refrigeration by Vehumet.
 12328 | Lair:3   | Reached XP level 13. HP: 80/80 MP: 27/27
 12665 | Lair:3   | Found a staircase to the Snake Pit.
 12895 | Lair:3   | Noticed Nergalle
 12898 | Lair:3   | Killed Nergalle
 12899 | Lair:3   | Reached skill level 14 in Earth Magic
 12963 | Lair:3   | Reached skill level 10 in Fighting
 13769 | Lair:4   | Reached skill level 1 in Shields
 13839 | Lair:4   | Learned a level 8 spell: Lehudib's Crystal Spear
 14696 | Lair:5   | Entered Level 5 of the Lair of Beasts
 14696 | Lair:5   | Found a gate leading to a gauntlet.
 14855 | Lair:5   | Reached skill level 5 in Fire Magic
 14965 | Gauntlet | Entered a Gauntlet
 14965 | Gauntlet | Found a transporter.
 14965 | Gauntlet | Found a transporter.
 14965 | Gauntlet | Found a runed translucent door.
 14965 | Gauntlet | Found a runed translucent door.
 15033 | Gauntlet | Found a transporter.
 15044 | Gauntlet | Found a transporter.
 15062 | Gauntlet | Found a transporter.
 15062 | Gauntlet | Found a transporter.
 15062 | Gauntlet | Found a transporter.
 15064 | Gauntlet | Found a transporter.
 15064 | Gauntlet | Found a transporter.
 15076 | Gauntlet | Found a transporter.
 15092 | Gauntlet | Found a transporter.
 15102 | Gauntlet | Found a transporter.
 15107 | Gauntlet | Found a transporter.
 15142 | Gauntlet | Found a transporter.
 15525 | Gauntlet | Identified the ring of Understanding {Wiz rElec rN+ Will++
                  | Stlth+}
 15581 | Gauntlet | Gained mutation: Your large and strong wings let you fly.
                  | [Gargoyle growth]
 15581 | Gauntlet | Reached XP level 14. HP: 73/90 MP: 6/29
 15679 | Gauntlet | Identified the +1 hat "Avatam" {Str+3}
 15734 | Gauntlet | Identified the +4 great sword of Demonkind {heavy, Fragile
                  | Dex+6 SInv}
 16083 | Lair:5   | Found a snail-covered altar of Cheibriados.
 16230 | Lair:5   | Found a viscous altar of Jiyva.
 16230 | Lair:5   | Found a staircase to the Slime Pits.
 16347 | Lair:5   | Identified the +9 trident "Wyalastil" {holy, rF+ Int+4
                  | Dex+3}
 16434 | Lair:5   | Reached skill level 15 in Earth Magic
 17005 | Orc:1    | Entered Level 1 of the Orcish Mines
 17399 | Orc:1    | Reached ****** piety under Vehumet
 17464 | Orc:2    | Entered Level 2 of the Orcish Mines
 17535 | Orc:2    | Offered knowledge of Spellforged Servitor by Vehumet.
 17550 | Orc:2    | Learned a level 7 spell: Spellforged Servitor
 17556 | Orc:2    | Found a staircase to the Elven Halls.
 17933 | Orc:2    | Found Atryka's Assorted Antiques.
 17938 | Orc:2    | Bought a scroll labelled PARCHI CYTADESO for 30 gold pieces
 17938 | Orc:2    | Bought a scroll labelled PARCHI CYTADESO for 30 gold pieces
 17938 | Orc:2    | Bought a faintly humming cloak for 285 gold pieces
 17938 | Orc:2    | Identified the +2 cloak of Poor Excuses {rElec rF- Will+
                  | Regen+ Stlth+} (You bought it in a shop on level 2 of the
                  | Orcish Mines)
 17938 | Orc:2    | Bought a fuming amethyst potion for 27 gold pieces
 18189 | Orc:2    | Found Buduog's Jewellery Shoppe.
 18199 | Orc:2    | Offered knowledge of Yara's Violent Unravelling by Vehumet.
 18220 | Orc:2    | Found Furem's Antique Weapon Shop.
 18615 | Orc:2    | Found Taynu's Jewellery Shoppe.
 18615 | Orc:2    | Found Urghe's Armour Shop.
 18762 | Orc:2    | Reached skill level 5 in Shields
 19929 | D:11     | Reached XP level 15. HP: 81/96 MP: 31/31
 20069 | D:12     | Identified the amulet of the Solstice {Will+ Regen+}
 20176 | D:12     | Identified the ring "Uryithra" {rF+ AC+4}
 20192 | D:12     | Identified the ring "Fiawkume" {rPois rF- MP+9 Str+2 Dex+3}
 20197 | D:12     | Identified the ring of Futeajug {rElec rC+ Will+ Int-4
                  | Stlth+}
 20451 | D:12     | Reached skill level 16 in Earth Magic
 20891 | D:13     | Identified the +6 chain mail of Defiance {Drain +Inv Regen+
                  | rCorr}
 21540 | D:13     | Offered knowledge of Freezing Cloud by Vehumet.
 21590 | D:13     | Found a gate to the Vaults.
 21739 | D:13     | Reached skill level 10 in Conjurations
 22239 | D:14     | Found a blossoming altar of Fedhas.
 22873 | D:15     | Entered Level 15 of the Dungeon
 22982 | D:15     | Found a transporter.
 22997 | D:15     | Found a staircase to the Depths.
 22998 | D:15     | Noticed a fire giant
 23001 | D:15     | Killed a fire giant
 23002 | D:15     | Reached XP level 16. HP: 44/101 MP: 16/34
 23072 | D:15     | Found a transporter.
 23074 | D:15     | Noticed Qogig's ghost (journeyman TrCA)
 23555 | D:15     | Found a sacrificial altar of Ru.
 23769 | Shoals:1 | Entered Level 1 of the Shoals
 24227 | Shoals:1 | Found Fimosch's Antique Armour Emporium.
 24235 | Shoals:1 | Bought a faintly humming leather armour for 168 gold pieces
 24235 | Shoals:1 | Identified the +1 leather armour of Gireas {rElec MP-9
                  | Str+5} (You bought it in a shop on level 1 of the Shoals)
 24318 | Shoals:1 | Offered knowledge of Lee's Rapid Deconstruction by Vehumet.
 24325 | Shoals:1 | Learned a level 5 spell: Lee's Rapid Deconstruction
 25645 | Shoals:3 | Noticed Mlioglotl
 25651 | Shoals:3 | Noticed a tentacled starspawn
 25654 | Shoals:3 | Killed Mlioglotl
 25944 | Shoals:3 | Reached skill level 10 in Fire Magic
 26078 | Shoals:3 | Reached skill level 10 in Shields
 26385 | Shoals:3 | Reached skill level 10 in Summonings
 26898 | Shoals:4 | Entered Level 4 of the Shoals
 26898 | Shoals:4 | Noticed Ilsuiw
 26985 | Shoals:4 | Reached XP level 17. HP: 106/106 MP: 29/35
 27021 | Shoals:4 | Offered knowledge of Iskenderun's Battlesphere by Vehumet.
 27244 | Shoals:4 | Killed Ilsuiw
 27459 | Shoals:4 | Noticed a kraken
 27624 | Shoals:4 | Reached skill level 17 in Earth Magic
 28373 | Shoals:4 | Reached skill level 15 in Spellcasting
 28455 | Shoals:4 | Got a barnacled rune of Zot
 28772 | Snake:1  | Entered Level 1 of the Snake Pit
 28964 | Snake:1  | Offered knowledge of Eringya's Noxious Bog by Vehumet.
 29109 | Snake:1  | Reached skill level 1 in Evocations
 29976 | Snake:2  | Identified the +4 dagger "Rycaphow" {flame, Contam rN+++
                  | rCorr Dex+4}
 30025 | Snake:2  | Reached skill level 18 in Earth Magic
 30247 | Snake:2  | Reached XP level 18. HP: 102/112 MP: 25/37
 30872 | D:8      | Killed mopl's ghost
 31552 | Snake:3  | Offered knowledge of Fire Storm by Vehumet.
 31552 | Snake:3  | Offered knowledge of Shatter by Vehumet.
 31552 | Snake:3  | Offered knowledge of Polar Vortex by Vehumet.
 31566 | Snake:3  | Learned a level 9 spell: Shatter
 31566 | Snake:3  | Upgraded the game from 0.30-a0-946-gec5dcfc036 to
                  | 0.30-a0-949-g53dc5368d7
 32495 | Snake:4  | Entered Level 4 of the Snake Pit
 33034 | Snake:4  | Reached skill level 19 in Earth Magic
 33193 | Snake:4  | Reached XP level 19. HP: 119/119 MP: 14/39
 33365 | Snake:4  | Got a serpentine rune of Zot
 34086 | D:15     | Killed Qogig's ghost
 35254 | Elf:1    | Entered Level 1 of the Elven Halls
 36061 | Elf:1    | Found Inky's Jewellery Shop.
 36062 | Elf:1    | Found Rozuz's Book Emporium.
 36064 | Elf:1    | Found Xemyveot's Jewellery Shop.
 36310 | Elf:2    | Reached skill level 1 in Transmutations
 36436 | Elf:2    | Reached skill level 1 in Necromancy
 36490 | Elf:2    | Reached skill level 5 in Evocations
 36670 | Elf:2    | Found Uwunudeu's Antique Weapon Shop.
 36800 | Elf:2    | Found a runed translucent gate.
 36800 | Elf:2    | Found a runed translucent gate.
 36801 | Elf:2    | Found a runed translucent gate.
 37368 | Elf:3    | Entered Level 3 of the Elven Halls
 37482 | Elf:3    | Reached skill level 20 in Earth Magic
 37482 | Elf:3    | Reached XP level 20. HP: 123/127 MP: 25/40
 37662 | Elf:3    | Identified the +4 dagger of the Skies Above {flame, rF- rC+
                  | Dex+3}
 37729 | Elf:3    | Identified the +9 flail of Chance {flame, *Rage rElec
                  | rPois}
 37729 | Elf:3    | Identified the +1 robe of the Land of Plenty {Dex+2}
 37790 | Elf:3    | Identified the amulet "Hyvoxin" {Rampage Will+ Regen+ Str-2
                  | Slay+3} (You took it off a deep elf pyromancer on level 3
                  | of the Elven Halls)
 37903 | Elf:3    | Identified the +0 cloak "Wumis" {Stlth+}
 37928 | Elf:3    | Identified the +1 hand axe of the Twenty Persimmons {elec,
                  | rElec Will+}
 37934 | Elf:3    | Got the Parchment of Damaging Glamour
 38198 | Elf:3    | Identified the +0 leather armour of the Eight Boll Weevils
                  | {*Slow MP-9 Str+3 Int+7}
 38379 | Elf:3    | Found a bloodstained altar of Trog.
 39146 | Vaults:1 | Entered Level 1 of the Vaults
 39483 | Vaults:1 | Found a large runed translucent door.
 39483 | Vaults:1 | Found a large runed translucent door.
 39483 | Vaults:1 | Found a large runed translucent door.
 39483 | Vaults:1 | Found a large runed translucent door.
 39483 | Vaults:1 | Found a large runed translucent door.
 39483 | Vaults:1 | Found a large runed translucent door.
 39483 | Vaults:1 | Found a large runed translucent door.
 39483 | Vaults:1 | Found a large runed translucent door.
 39483 | Vaults:1 | Noticed Ciq Qara's ghost (veteran GrEE)
 40109 | Vaults:1 | Reached skill level 5 in Necromancy
 40114 | Vaults:1 | Reached skill level 15 in Fighting
 40178 | Vaults:1 | Reached XP level 21. HP: 130/134 MP: 24/42
 40543 | Vaults:1 | Killed Ciq Qara's ghost
 40659 | Vaults:1 | Acquired an amulet of reflection
 40816 | Vaults:2 | Reached skill level 21 in Earth Magic
 41262 | Vaults:2 | Found a staircase to the Crypt.
 43511 | Vaults:3 | Upgraded the game from 0.30-a0-949-g53dc5368d7 to
                  | 0.30-a0-986-g7f2e898f52
 43867 | Vaults:4 | Reached XP level 22. HP: 142/142 MP: 30/44
 44409 | Vaults:4 | Reached skill level 5 in Transmutations
 44481 | Vaults:4 | Reached skill level 15 in Fire Magic
 44815 | Vaults:4 | Identified the +7 spear of Absolution {flame, rPois rF+
                  | rN++ Stlth-}
 45013 | Vaults:4 | Noticed Jory
 45016 | Vaults:4 | Killed Jory
 45357 | Vaults:5 | Entered Level 5 of the Vaults
 45360 | Vaults:5 | Reached skill level 22 in Earth Magic
 45385 | Vaults:5 | Reached XP level 23. HP: 98/149 MP: 45/45
 45820 | Vaults:5 | Noticed Saint Roka
 45821 | Vaults:5 | Noticed an ancient lich
 45823 | Vaults:5 | Killed an ancient lich
 45825 | Vaults:5 | Killed Saint Roka
 45825 | Vaults:5 | Noticed Xtahua
 45971 | Vaults:5 | Killed Xtahua
 45996 | Vaults:5 | Identified the ring "Buximoil" {rN+ Stlth+}
 46483 | Vaults:5 | Noticed a golden dragon
 46488 | Vaults:5 | Killed a golden dragon
 46830 | Vaults:5 | Learned a level 8 spell: Ignition
 46849 | Vaults:5 | Got Fyofaps's Monograph on Intoxication
 46854 | Vaults:5 | Got a silver rune of Zot
 46981 | Vaults:5 | Got the Almanac of Postmortem Mustering
 47173 | Vaults:5 | Identified the +10 dagger of the Grave {pain, rElec}
 47320 | Vaults:5 | Identified the +1 rapier "Giantbane" {pain, Int+4}
 47766 | Depths:1 | Entered Level 1 of the Depths
 47937 | Depths:1 | Reached skill level 23 in Earth Magic
 48153 | Depths:1 | Found a white marble altar of Elyvilon.
 48576 | Depths:1 | Found a gateway to Hell.
 48707 | Depths:1 | You are sucked into a shaft and drop 1 floor!
 48730 | Depths:2 | Reached skill level 10 in Necromancy
 49009 | Depths:2 | Found a one-way gate leading to the halls of Pandemonium.
 49156 | Depths:2 | Reached XP level 24. HP: 158/158 MP: 24/45
 49515 | Depths:2 | Found a stormy altar of Qazlal.
 50260 | Depths:2 | Found Kielaoc's Armour Boutique.
 50691 | Vaults:1 | Learned a level 8 spell: Necromutation
 50987 | Slime:1  | Entered Level 1 of the Pits of Slime
 51634 | Slime:1  | You are sucked into a shaft and drop 1 floor!
 52157 | Slime:2  | Gained mutation: Armour fits poorly on your strangely
                  | shaped body. [a shining eye]
 52512 | Slime:3  | Gained mutation: You are frail. (-10% HP) [a shining eye]
 52633 | Slime:3  | Noticed Dissolution
 52827 | Slime:3  | Killed Dissolution
 53712 | Slime:5  | Entered Level 5 of the Pits of Slime
 53941 | Slime:5  | Gained mutation: You are vulnerable to heat. (rF-) [a
                  | shining eye]
 53943 | Slime:5  | Gained mutation: You are very vulnerable to heat. (rF--) [a
                  | shining eye]
 53982 | Slime:5  | Paralysed by a floating eye for 3 turns
 53988 | Slime:5  | Paralysed by a floating eye for 4 turns
 54029 | Slime:5  | Noticed the Royal Jelly
 54502 | Slime:5  | Killed the Royal Jelly
 54530 | Slime:5  | Found the +4 moon troll leather armour {Spirit, Regen++
                  | MP+5}
 54559 | Slime:5  | Identified the +2 scale mail of Jujo {Str+4}
 54594 | Slime:5  | Identified the ring "Wouwunyd" {rElec rPois Will+ AC+4
                  | Dex+3}
 54598 | Slime:5  | Got a slimy rune of Zot
 54637 | Slime:5  | Identified the staff of cold "Sodaot" {rElec rF+ rC+ MP-9
                  | Str+2}
 54640 | Slime:5  | Identified the +11 war axe "Newtbane" {venom, MP-9 Dex+5}
 54647 | Slime:5  | Identified the +1 leather armour of Crawling {rC+++ Regen+
                  | Str+2 Slay-4}
 54657 | Slime:5  | Identified the staff of conjuration "Qares" {rC- Str+2
                  | Int+2 Dex+2}
 55195 | Elf:1    | Acquired the +0 pair of boots "Nozim" {Regen+}
 55310 | Elf:1    | Lost mutation: You are frail. (-10% HP) [potion of
                  | mutation]
 55310 | Elf:1    | Lost mutation: You are very vulnerable to heat. (rF--)
                  | [potion of mutation]
 55310 | Elf:1    | Gained mutation: Your mind is acute. (Int +4, Str/Dex -1)
                  | [potion of mutation]
 55311 | Elf:1    | Lost mutation: You are vulnerable to heat. (rF-) [potion of
                  | mutation]
 55311 | Elf:1    | Lost mutation: Your mind is acute. (Int +4, Str/Dex -1)
                  | [potion of mutation]
 55311 | Elf:1    | Gained mutation: You are weak. (Str -2) [potion of
                  | mutation]
 55594 | Depths:3 | Found a one-way gate to the infinite horrors of the Abyss.
 55616 | Depths:3 | Reached XP level 25. HP: 166/166 MP: 43/45
 56800 | Depths:4 | Entered Level 4 of the Depths
 56857 | Depths:4 | Found a hide-covered altar of Uskayaw.
 57219 | Depths:4 | Found a gate to the Realm of Zot.
 57245 | Depths:4 | Upgraded the game from 0.30-a0-986-g7f2e898f52 to
                  | 0.30-a0-989-g0d87f670db
 57413 | Depths:4 | Reached skill level 10 in Transmutations
 57616 | Depths:4 | Found a one-way gateway to a ziggurat.
 57662 | Depths:4 | Gained mutation: Your magical capacity is low. (-10% MP) [a
                  | cacodemon]
 57665 | Depths:4 | Gained mutation: You are vulnerable to heat. (rF-) [a
                  | cacodemon]
 58748 | Hell     | Entered the Vestibule of Hell
 58748 | Hell     | Noticed Geryon
 58905 | Hell     | Killed Geryon
 59945 | Hell     | Found a gateway to the ashen valley of Gehenna.
 60073 | Hell     | Found a gateway to the Iron City of Dis.
 60073 | Hell     | Found a gateway to the freezing wastes of Cocytus.
 60409 | Hell     | Found a gateway to the decaying netherworld of Tartarus.
 60778 | Orc:2    | Bought a pair of embroidered gloves for 225 gold pieces
 61778 | Coc:1    | Entered Level 1 of Cocytus
 62337 | Coc:3    | Reached XP level 26. HP: 169/170 MP: 26/41
 63155 | Coc:4    | You are sucked into a shaft and drop 2 floors!
 63356 | Coc:6    | Noticed a shard shrike
 63358 | Coc:6    | Noticed a shard shrike
 63358 | Coc:6    | Noticed a shard shrike
 63359 | Coc:6    | Killed a shard shrike
 63386 | Coc:6    | Paralysed by a wendigo for 1 turns
 63598 | Coc:6    | Noticed a shard shrike
 63600 | Coc:6    | Killed a shard shrike
 63601 | Coc:6    | Killed a shard shrike
 63603 | Coc:6    | Killed a shard shrike
 63881 | Coc:5    | Noticed a shard shrike
 63881 | Coc:5    | Noticed a shard shrike
 63881 | Coc:5    | Noticed a shard shrike
 63883 | Coc:5    | Noticed a shard shrike
 63883 | Coc:5    | Noticed a shard shrike
 63884 | Coc:5    | Killed a shard shrike
 63885 | Coc:5    | Killed a shard shrike
 63885 | Coc:5    | Killed a shard shrike
 63887 | Coc:5    | Noticed a shard shrike
 63890 | Coc:5    | Killed a shard shrike
 63890 | Coc:5    | Killed a shard shrike
 63893 | Coc:5    | Killed a shard shrike
 63894 | Coc:5    | Noticed a shard shrike
 63897 | Coc:5    | Noticed a shard shrike
 64029 | Coc:5    | Killed a shard shrike
 64030 | Coc:5    | Reached skill level 24 in Earth Magic
 64036 | Coc:5    | Killed a shard shrike
 64580 | Coc:7    | Entered Level 7 of Cocytus
 64602 | Coc:7    | Noticed a dread lich
 64619 | Coc:7    | Killed a dread lich
 64630 | Coc:7    | Noticed the Serpent of Hell
 64792 | Hell     | Killed the Serpent of Hell
 65052 | Coc:4    | Lost strength.
 65299 | Coc:7    | HP: 2/128 [Ice Fiend (7)]
 65301 | Hell     | Slain by an Ice Fiend

Illustrated notes

Levels and vault maps discovered:
D:1:      mrwooster_arrival_arrow, layout_basic,
          hellmonk_ecumenical_altar_heavens_door, wad_woods_river_04
D:2:      layout_loops_ring, uniq_natasha, uniq_terence
D:3:      layout_rooms, led_sif_pool, nicolae_dithmenos_shadow_blocks,
          chequers_serial_rivers_micro_b, uniq_jessica
D:4:      layout_cave_pools, amcnicky_altar_gilded, dk_noncrumbling_3,
          uniq_crazy_yiuf_cottage
D:5:      layout_basic
D:6:      layout_loops_ring, minmay_temple_entry_wispy
D:7:      layout_loops_corners, serial_shops, shop
D:8:      layout_cave_pools, enter_bailey_6, gammafunk_ghost_ooze,
          hangedman_decor_clover_reticule, grunt_ogre_cave
D:9:      layout_basic, david_lair_shrubbed, david_orc_3
D:10:     layout_basic
D:11:     layout_layer_cave
D:12:     minmay_the_grid_triangle_9x9_recursive_2_mashed
          [minmay_the_grid_triangle_9x9_prize_special,
          minmay_the_grid_triangle_9x9_corruption,
          minmay_the_grid_triangle_9x9_shrine,
          minmay_the_grid_triangle_9x9_swiss_cheese], layout_irregular_city,
          hangedman_decor_growths
D:13:     layout_loops_corners, lightli_vaults_fourway_checkpoint
D:14:     layout_basic, minmay_holes, fedhas_altar_3
D:15:     grunt_enter_depths_giant_problem, layout_irregular_city,
          gammafunk_ghost_mausoleum, grunt_decor_clamped,
          nicolae_ru_path_of_blood
Temple:   nicolae_temple_bog_church
Lair:1:   layout_small_grid, dreamdust_wasp_nest, infiniplex_staircase_pool_2,
          serial_bayou_shore_a, grunt_megastairs_4, uniq_erica
Lair:2:   layout_regular_city, shoals_dummy_entry,
          chequers_serial_rivers_large_b
Lair:3:   layout_cave_pods, minmay_snake_entry_guardpost_small,
          lemuel_fruit_fields, uniq_nergalle
Lair:4:   layout_regular_city, minmay_lair_oklob_items, st_stairs_8,
          grunt_megastairs_5
Lair:5:   gammafunk_lair_ancient_temple, layout_loops_ring,
          nicolae_slime_entry_slimehenge, basic_altar, gauntlet_entry_generic,
          minmay_hedge_maze
Shoals:1: layout_shoals, serial_shops, shop_fountains,
          nicolae_shoals_drake_roost
Shoals:2: layout_shoals, nicolae_shoals_stone_sculpture_thing
Shoals:3: layout_shoals, uniq_mlioglotl
Shoals:4: shoals_end_grunt_ice, layout_shoals, shoal_ilsuiw
Snake:1:  nicolae_snake_crotalidae_crossing, layout_onion
Snake:2:  layout_cave_town, beargit_elvish_explorers
Snake:3:  layout_onion_interference, nicolae_snake_springs, serial_bayou_shore_b
Snake:4:  snake_pit, layout_gridlike, st_stairs_12, serial_bayou_crossing
Slime:1:  layout_caves, nicolae_slime_phagocytosis
Slime:2:  layout_caves
Slime:3:  layout_caves, uniq_dissolution
Slime:4:  layout_caves
Slime:5
Orc:1:    layout_caves
Orc:2:    st_orc_town, layout_caves, serial_shops, nicolae_square_shop
Elf:1:    layout_loops_corners, hangedman_elf_represent, minmay_shop_grove
Elf:2:    nicolae_elf_blades_splatter_lattice [infiniplex_blade_entry_pillars],
          layout_geoelf_octagon, serial_shops, shop
Elf:3:    minmay_elf_hall_curves, layout_loops_corners,
          evilmike_spriggan_trog_shrine
Vaults:1: advil_vaults_ghost_lines, nicolae_vaults_what_the_h,
          nicolae_vaults_stairing_the_circle, v_rooms_3, v_alt_pattern_5,
          vaults_room_grid, nicolae_vaults_specimen_jars, v_misc_29,
          ontoclasm_vaults_hangar, hangedman_vaults_slice,
          layout_vaults_omnicross
Vaults:2: v_rooms_2, minmay_crypt_entry_simple_sparse, layout_vaults_omnigrid
Vaults:3: st_cells, v_misc_27, ontoclasm_vaults_gateway, grunt_vaults_funnel,
          vaults_dpeg_doors, vaults_standard_mumra_enter_the_diamond, v_misc_19,
          ontoclasm_vaults_shuriken, vaults_mumra_chevron_long,
          hangedman_vaults_corner, ontoclasm_vaults_ring_small,
          grunt_vaults_bifocal, hangedman_vaults_trim, layout_vaults_maze_bifur
Vaults:4: nicolae_vaults_puzzle_piece, hangedman_vaults_snaps, v_misc_33,
          st_lines, v_misc_18, vaults_room_ringed_pool, v_misc_16,
          ontoclasm_vaults_twist, v_pattern_2, nicolae_vaults_ninety_degrees,
          nicolae_vaults_rhombus_6, vaults_room_pool, v_misc_14,
          layout_vaults_ring, uniq_jory
Vaults:5: uniq_xtahua, uniq_saint_roka
Depths:1: layout_gridville, nicolae_twisting_strands, hellmouth_2,
          elyvilon_altar_5, serial_bayou_shore_b
Depths:2: nooodl_glass_maze, layout_gridlike, grunt_hell_entry_dis_grunt,
          pan_entry, serial_shops, nicolae_shop_competitors_out_of_business,
          grunt_qazlal_clouds
Depths:3: minmay_connected_triangles_in_corner, layout_cave_pools,
          hangedman_geh_valley, serial_sigils_hangedman_gnaw, abyss_entry,
          infiniplex_staircase_diamond
Depths:4: evilmike_zot_entry_argh, layout_basic, enter_ziggurat_f,
          rand_demon_pan_entry_3, hell_entry,
          nicolae_uskayaw_murder_on_the_dancefloor, grunt_megastairs_2
Hell
Coc:1:    layout_ice_bergs
Coc:2:    layout_cocytus_delve
Coc:3:    layout_ice_bergs
Coc:4:    nicolae_coc_caina, layout_ice_bergs
Coc:5:    layout_ice_bergs
Coc:6:    layout_ice_bergs, nicolae_hells_seeping_fissure
Coc:7:    coc_dpeg

Skill      XL: |  1  2  3  4  5  6  7  8  9 10 11 12 13 14 15 16 17 18 19 20 21 22 23 24 25 26 |
---------------+-------------------------------------------------------------------------------+-----
Earth Magic    | 4 5 6 7 8 9 12 13 14 15 16 18 19 20 21 22 23 24 | 24.0
Spellcasting   | 3 4 5 6 8 9 10 11 12 14 15 16 17 18 19 | 19.8
Hexes          | 1 2 3 4 |  4.8
Conjurations   | 2 5 6 7 8 9 10 11 | 11.3
Fighting       | 4 7 9 11 12 13 14 15 16 17 18 19 20 | 20.0
Summonings     | 2 4 5 6 7 10 | 10.0
Fire Magic     | 2 4 5 6 8 10 11 12 13 14 15 16 17 18 | 18.4
Shields        | 3 5 7 10 | 10.0
Evocations     | 2 4 5 6 |  6.0
Transmutations | 2 3 4 6 7 9 11 12 | 12.7
Necromancy     | 2 5 6 8 10 11 12 14 | 14.0
Dodging        | |  1.5
Stealth        | |  2.1

Action                     |  1- 3 |  4- 6 |  7- 9 | 10-12 | 13-15 | 16-18 | 19-21 | 22-24 | 25-27 || total
---------------------------+-------+-------+-------+-------+-------+-------+-------+-------+-------++-------
  Melee: Spear             |   119 |     1 |       |       |       |       |       |       |       ||   120
         Punch             |     2 |       |       |       |       |       |       |       |       ||     2
         Whip              |       |       |    23 |    12 |    39 |    15 |     1 |     1 |       ||    91
         Trident           |       |       |       |       |       |       |       |     5 |    27 ||    32
   Cast: Sandblast         |    46 |    43 |   139 |   332 |   440 |   504 |   374 |   229 |    65 ||  2172
         Stone Arrow       |       |     1 |    10 |    15 |    37 |    12 |    14 |     1 |       ||    90
         Tukima's Dance    |       |       |    12 |       |     3 |       |       |       |       ||    15
         Iron Shot         |       |       |       |    26 |   155 |    56 |    30 |   101 |    43 ||   411
         Lehudib's Crystal |       |       |       |       |    14 |    32 |    37 |    21 |    32 ||   136
         Spellforged Servi |       |       |       |       |    40 |   108 |    66 |    78 |    48 ||   340
         Lee's Rapid Decon |       |       |       |       |       |    53 |   108 |    28 |   111 ||   300
         Shatter           |       |       |       |       |       |     6 |    41 |    66 |    41 ||   154
         Ignition          |       |       |       |       |       |       |       |    28 |    41 ||    69
  Evoke: Wand              |       |       |       |     3 |     4 |    17 |       |       |    16 ||    40
         Phantom mirror    |       |       |       |       |       |     1 |       |       |     1 ||     2
         Horn of Geryon    |       |       |       |       |       |       |       |       |     1 ||     1
    Use: Scroll            |       |       |     7 |     7 |    12 |     8 |     1 |     5 |     4 ||    44
         Potion            |       |       |     2 |       |     7 |     5 |     1 |     5 |     1 ||    21
   Stab: Sleeping          |     2 |       |       |       |       |       |       |       |       ||     2
         Distracted        |       |       |       |       |     1 |       |       |       |       ||     1
 Armour: Robe              |    22 |     3 |    32 |   129 |   225 |   248 |   129 |    93 |    36 ||   917
         Leather armour    |       |       |       |       |       |       |       |       |    52 ||    52
  Dodge: Dodged            |    27 |     9 |    53 |   148 |   263 |   156 |    81 |    78 |    41 ||   856
  Block: Buckler           |       |       |       |       |    53 |    60 |       |       |       ||   113
         Kite shield       |       |       |       |       |       |   106 |   171 |   140 |    85 ||   502
         Reflection        |       |       |       |       |       |       |    25 |    19 |     9 ||    53

Table legend: (Time is in decaauts)
 A = Elapsed time spent in this place.
 B = Non-inter-level travel time spent in this place.
 C = Inter-level travel time spent in this place.
 D = Time resting spent in this place.
 E = Time spent auto-exploring this place.
 F = Levels seen in this place.
 G = Mean time per level.
                   A        B        C        D        E       F      G
               +--------+--------+--------+--------+--------+-----+--------+
         Total |  66752 |  60032 |   6720 |   3360 |  43452 |  58 | 1150.9 |
       Dungeon |  16189 |  13599 |   2590 |     72 |  11188 |  15 | 1079.3 |
        Temple |     19 |     11 |      8 |      0 |      3 |   1 |   19.0 |
          Lair |   7524 |   6543 |    981 |    446 |   4660 |   5 | 1504.8 |
        Shoals |   5050 |   4824 |    226 |    143 |   3211 |   4 | 1262.5 |
     Snake Pit |   4680 |   4398 |    282 |    100 |   3048 |   4 | 1170.0 |
    Slime Pits |   4273 |   3764 |    509 |    658 |   1864 |   5 |  854.6 |
  Orcish Mines |   3126 |   2628 |    498 |    422 |   1511 |   2 | 1563.0 |
   Elven Halls |   3878 |   3708 |    170 |    100 |   2667 |   3 | 1292.7 |
        Vaults |   8963 |   8527 |    436 |    146 |   7044 |   5 | 1792.6 |
        Depths |   6692 |   6318 |    374 |    194 |   5207 |   4 | 1673.0 |
          Hell |   1606 |   1559 |     47 |      0 |   1280 |   1 | 1606.0 |
       Cocytus |   3222 |   2626 |    596 |    919 |   1100 |   7 |  460.3 |
        Bailey |    700 |    700 |      0 |    155 |    316 |   1 |  700.0 |
      Gauntlet |    824 |    824 |      0 |      5 |    353 |   1 |  824.0 |
               +--------+--------+--------+--------+--------+-----+--------+

Top non-repeatable levels by time:
Depths:4: 2693 daAuts
Vaults:4: 2529 daAuts
   Orc:2: 2143 daAuts
     D:9: 2056 daAuts
Vaults:1: 1896 daAuts
  Lair:2: 1817 daAuts
  Lair:3: 1812 daAuts
Vaults:2: 1694 daAuts
Shoals:4: 1615 daAuts
    Hell: 1606 daAuts
Vaults:5: 1580 daAuts
Depths:2: 1579 daAuts
    D:13: 1570 daAuts
   Elf:3: 1531 daAuts
Shoals:3: 1443 daAuts
